 Dungeon Crawl Stone Soup version 0.26-a0-487-gbff1e92059 (webtiles) character file.

Game seed: 12228346463199480475

39 BritishOli the Chopper (level 3, 12/28 HPs)
             Began as a Demonspawn Gladiator on July 28, 2020.
             Quit the game on level 2 of the Dungeon on Aug 2, 2020.
             The game lasted 00:01:19 (1129 turns).

BritishOli the Chopper (Demonspawn Gladiator)       Turns: 1129, Time: 00:01:20

Health: 12/28      AC:  3    Str: 15    XL:     3   Next: 28%
Magic:  3/3        EV: 13    Int:  9    God:
Gold:   73         SH:  0    Dex: 14    Spells: 2/2 levels left

rFire    + . .     SeeInvis .   a - +0 war axe
rCold    + . .     Faith    .   (no shield)
rNeg     . . .     Spirit   .   b - +0 leather armour
rPois    .         Reflect  .   (helmet restricted)
rElec    .         Harm     .   (no cloak)
rCorr    .                      (no gloves)
MR       .....                  (no boots)
Stlth    +.........             (no amulet)
HPRegen  0.09/turn              f - ring of protection from fire
MPRegen  0.08/turn              (no ring)

@: no status effects
A: antennae 1, cold resistance 1
a: no special abilities


You were on level 2 of the Dungeon.
You visited 1 branch of the dungeon, and saw 2 of its levels.

You collected 73 gold pieces.

Inventory:

Hand Weapons
 a - a +0 war axe (weapon)
Missiles
 d - 3 throwing nets (quivered)
Armour
 b - a +0 leather armour (worn)
 c - a +0 helmet
Jewellery
 f - a ring of protection from fire (left hand)
Scrolls
 e - 2 scrolls of identify {unknown}
 l - a scroll of amnesia {unknown}
Potions
 g - a potion of cancellation {unknown}
 h - a potion of heal wounds {unknown}
 i - 3 potions of flight {unknown}
 j - a potion of lignification {unknown}
 k - a potion of curing {unknown}
 m - a potion of resistance {unknown}


   Skills:
 + Level 2.5 Fighting
 + Level 3.1 Axes
 - Level 2.0 Throwing
 + Level 0.6 Armour
 + Level 3.0 Dodging


You had 2 spell levels left.
You didn't know any spells.
Your spell library was empty.

Dungeon Overview and Level Annotations

Branches:
Dungeon (2/15)

Altars:


Innate Abilities, Weirdness & Mutations

You have a pair of small antennae on your head.
Your flesh is cold resistant. (rC+)


Message History

The hound skeleton is almost destroyed.
You hit the bat.
You kill the bat!
The hound skeleton barely misses you. The hound skeleton misses you.
You hit the hound skeleton.
The hound skeleton is almost destroyed.
The hound skeleton bites you but does no damage.
You hit the hound skeleton.
You destroy the hound skeleton!
You have reached level 3!
Your experience leads to an increase in your attributes!
Increase (S)trength, (I)ntelligence, or (D)exterity?
You feel stronger.
You feel monstrous as your demonic heritage exerts itself.
Your demonic ancestry asserts itself...
A pair of antennae grows on your head!
Your +0 helmet falls away!
Welcome back, BritishOli the Demonspawn Gladiator.
Press ? for a list of commands and other information.
Are you sure you want to abandon this character and quit the game? (Confirm with "yes".)

# #..# # ### #..### # #.. ....#
#.# # #.# #...######... #
#####.## #.....(...... #
#......###†.......... #
#......#..†........# ##
#......#...#.......# # .#
#.....@)...#Zg.....#.#
.##########.†....#...#.........#
...........†.....######......#.#
.#.≈...≈≈...≈....# #..)...#
.#≈≈≈≈≈≈≈≈...≈...# #....).#
...≈≈≈≈≈≈≈≈≈≈.≈.## ##..#.....
..≈.≈≈≈≈≈≈≈≈≈...# ##^#......
#.≈≈≈≈≈≈≈≈≈≈≈...# #.#.$....
#...≈≈≈≈≈.≈≈≈...# #........


There were no monsters in sight!

Vanquished Creatures
  A hound skeleton (D:2)
  A leopard gecko (D:1)
  6 hobgoblins
  2 jackals (D:2)
  3 kobolds
  3 bats
  3 frilled lizards
  2 goblins (D:2)
  4 rats
25 creatures vanquished.

Notes
Turn   | Place    | Note
-------+----------+-------------------------------------------
     0 | D:1      | BritishOli the Demonspawn Gladiator began the quest for the
                  | Orb.
     0 | D:1      | Reached XP level 1. HP: 16/16 MP: 1/1
   449 | D:1      | Gained mutation: Your flesh is cold resistant. (rC+)
                  | [demonic ancestry]
   449 | D:1      | Reached XP level 2. HP: 22/22 MP: 2/2
  1046 | D:2      | Found a faded altar of an unknown god.
  1128 | D:2      | Gained mutation: You have a pair of small antennae on your
                  | head. [demonic ancestry]
  1128 | D:2      | Reached XP level 3. HP: 12/28 MP: 3/3
  1129 | D:2      | Upgraded the game from 0.26-a0-451-gacbe401039 to
                  | 0.26-a0-487-gbff1e92059
  1129 | D:2      | Quit the game

Illustrated notes

Levels and vault maps discovered:
D:1:      psy_arrival_dodecagon, layout_basic
D:2:      layout_basic, chequers_ecumenical_altar_island

Skill      XL: |  1  2 |
---------------+-------+-----
Throwing       | 2 |  2.0
Dodging        | 3 |  3.0
Axes           | 3 |  3.1
Fighting       | |  2.5
Armour         | |  0.6

Action                   || total
-------------------------++-------
Melee: War axe           ||    80
 Stab: Sleeping          ||     2
Armor: Leather armour    ||    27
Dodge: Dodged            ||    85

Table legend: (Time is in decaauts)
 A = Elapsed time spent in this place.
 B = Non-inter-level travel time spent in this place.
 C = Inter-level travel time spent in this place.
 D = Time resting spent in this place.
 E = Time spent auto-exploring this place.
 F = Levels seen in this place.
 G = Mean time per level.
                   A        B        C        D        E       F      G
               +--------+--------+--------+--------+--------+-----+--------+
         Total |   1157 |   1145 |     12 |    394 |    556 |   2 |  578.5 |
       Dungeon |   1157 |   1145 |     12 |    394 |    556 |   2 |  578.5 |
               +--------+--------+--------+--------+--------+-----+--------+

Top non-repeatable levels by time:
     D:1: 948 daAuts
     D:2: 209 daAuts
